AoeStats
← 👑 SyL

Hideout

509614982Analyzed
1v1 RM · 5d ago on Sep 27, 2026· 117m 35s· 2 players
Game mode
Random Map
Map size
Tiny (2 player)
Population
200
Speed
Normal
Resources
Standard
Victory
Conquest
Starting age
Dark Age
Ending age
Imperial Age
RankedLock teamsTeams togetherTeam positionsShared explorationLock speedFull tech treeHidden civsTurbo modeCheats
Victory
Defeat
🇨🇳 Saxons · China
434
+12
🇷🇴 Persians · Romania
353
-12
👑 SyL
11:12 Feudal Age
11:32 Horse Collar
11:39 Double-Bit Axe
17:23 Castle Age
16:19 Gold Mining
16:35 Stone Mining
17:54 Heavy Plow
18:50 Gold Shaft Mining
19:52 Bow Saw
21:53 Stone Shaft Mining
22:51 Scale Mail Armor
22:57 Scale Barding Armor
24:36 Forging
25:23 Husbandry
24:45 Light Cavalry
26:14 Loom
26:23 Town Watch
27:16 Wheelbarrow
27:24 Squires
35:20 Imperial Age
33:53 Chain Mail Armor
33:59 Chain Barding Armor
37:16 Heated Shot
37:03 Cavalier
39:32 Two-Man Saw
39:29 Masonry
41:42 Plate Mail Armor
41:48 Plate Barding Armor
42:07 Hoardings
43:33 Citadels
44:26 Iron Casting
43:52 Padded Archer Armor
44:41 Pikeman
45:41 Hand Cart
45:31 Town Patrol
47:06 Siphons
48:02 Chemistry
46:56 Fletching
47:23 Leather Archer Armor
48:58 Savar
49:38 Bodkin Arrow
54:06 Kamandaran
63:00 Sappers
63:50 Conscription
63:52 Guard Tower
64:32 Architecture
70:55 Murder Holes
76:20 Crop Rotation
76:29 Ring Archer Armor
76:24 Ballistics
76:16 Clinker Construction
81:04 Gambesons
81:06 Arson
95:44 Incendiaries
95:56 Carvel Hull
98:28 Hussar
99:18 Bloodlines
蟹不肉
0:51 Loom
10:23 Feudal Age
11:56 Double-Bit Axe
12:28 Town Watch
13:33 Wheelbarrow
12:51 Horse Collar
15:17 Stone Mining
15:18 Gold Mining
15:25 Gold Mining
26:41 Castle Age
25:23 Fletching
25:45 Forging
25:35 Scale Mail Armor
27:40 Hand Cart
27:25 Town Patrol
27:28 Heavy Plow
27:40 Bow Saw
28:08 Gold Shaft Mining
27:38 Squires
33:09 Treadmill Crane
36:48 Pikeman
38:36 Chain Mail Armor
44:25 Ballistics
44:17 Masonry
44:17 Fortified Wall
47:10 Imperial Age
47:14 Cranequins
47:17 Halberdier
49:17 Two-Man Saw
49:02 Block Printing
49:45 Theocracy
51:11 Illumination
51:39 Herbal Medicine
52:07 Sanctity
51:58 Elite Varangian Guard
56:09 Thumb Ring
60:15 Iron Casting
60:11 Plate Mail Armor
59:21 Clerical Recruitment
60:24 Conscription
61:14 Hoardings
61:42 Plate Mail Armor
61:47 Iron Casting
61:55 Capped Ram
63:26 Siege Ram
65:47 Shield Wall
81:48 Iron Casting
86:26 Devotion
86:32 Arson
87:56 Crop Rotation
101:56 Architecture
101:32 Siege Engineers
101:22 Murder Holes
101:18 Guard Tower
109:02 Fletching
109:13 Padded Archer Armor
109:00 Crossbowman
110:33 Redemption
110:33 Redemption
112:12 Onager
115:25 Arbalester
Connection lost

Rejoining the realm…

Still unreachable

The connection could not be restored.

Session expired

The server has moved on; the page needs a fresh start.